Match 41624494
Unlisted

Match 41624494
End
Royal Engineer Section
Construct Section Command Post
Selects Indian Artillery Battlegroup
Infantry Section
Infantry Section
Infantry Section
Construct Platoon Command Post
ML 3-inch Mortar Team
Selects Artillery Saturation
Humber Armored Car
Construct Field Infirmary
Infantry Training
Grenade Package
6-pounder Anti-tank Gun Team
Selects Off-map Airburst Barrage
Construct Company Command Post
Selects BL5.5 Artillery Emplacement
Selects War Cry
6-pounder Anti-tank Gun Team
Selects Gurkha Rifles Section
Matilda II Heavy Tank
Armored Vehicle Training
Team Weapon Training
War Cry
Matilda II Heavy Tank
Selects Volunteer Infantry
6-pounder Anti-tank Gun Team
6-pounder Anti-tank Gun Team
Off-map Airburst Barrage
Crusader II Medium Tank
Crusader II Medium Tank
ohmygod321
joosty22
KevinTDW
mrpeed
0
0

Comments sign in to comment!

No comments posted yet!